 Dungeon Crawl Stone Soup version 0.32-a0-747-gc8563f6773 (webtiles) character file.

Game seed: 4287512405485540994

114664 croobank the Reanimator (level 16, -7/121 (122) HPs)
             Began as a Human Summoner on Mar 17, 2024.
             Was an Initiate of Jiyva.
             Mangled by a nameless horror (21 damage)
             ... created by miscasting Haunt
             ... on level 13 of the Dungeon on Mar 18, 2024.
             The game lasted 02:09:51 (31454 turns).

croobank the Reanimator (Human Summoner)           Turns: 31454, Time: 02:09:51

HP:   -7/121 (122)  AC: 20    Str:  4 (8)  XL:     16   Next: 66%
MP:   2/40          EV: 11    Int: 26      God:    Jiyva [......]
Gold: 1460          SH:  0    Dex: 16      Spells: 1/38 levels left

rFire   + . .        a - +4 spear of Kaylokol {protect, rF+ rCorr}
rCold   . . .        (no shield)
rNeg    . . .        P - +0 ring mail of Uskayaw's Esteem {Int+4 SInv}
rPois   +            n - +0 helmet
rElec   .            (no cloak)
rCorr   +            x - +0 pair of gloves
SInv    +            m - +2 pair of boots
Will    +....        h - amulet of the acrobat
Stlth   ++++         B - ring of poison resistance
HPRegen 0.40/turn    A - ring of magical power
MPRegen 0.27/turn

%: acrobat
@: under a protective aura, lightly drained
A: explore regen
a: Renounce Religion


You were on level 13 of the Dungeon.
You worshipped Jiyva.
Jiyva was noncommittal.
You visited 5 branches of the dungeon, and saw 26 of its levels.

You collected 1999 gold pieces.
You spent 539 gold pieces at shops.

Inventory:

Hand Weapons
 a - the +4 spear of Kaylokol (weapon) {protect, rF+ rCorr}
   (You found it on level 2 of the Dungeon)

   rF+:       It protects you from fire.
   rCorr:     It protects you from acid and corrosion.
 b - a +6 scimitar of flaming
 E - a +2 dagger of venom
 N - a +0 short sword of speed
Missiles
 e - 5 curare-tipped darts
 C - 22 boomerangs
 J - 6 datura-tipped darts
 O - 2 throwing nets (quivered)
 S - 5 javelins
Armour
 g - a +0 kite shield
 m - a +2 pair of boots (worn)
 n - a +0 helmet (worn)
 w - a +2 scale mail of fire resistance
 x - a +0 pair of gloves (worn)
 D - the +1 robe of Anarchy {rElec rPois Int-3 SInv}
   (You found it on level 4 of the Dungeon)

   Int-3:     It affects your intelligence (-3).
   rElec:     It insulates you from electricity.
   rPois:     It protects you from poison.
   SInv:      It lets you see invisible.
 P - the +0 ring mail of Uskayaw's Esteem (worn) {Int+4 SInv}
   (You found it on level 7 of the Dungeon)

   Int+4:     It affects your intelligence (+4).
   SInv:      It lets you see invisible.
Jewellery
 c - a +6 ring of dexterity
 d - a ring of protection from cold
 f - a +6 ring of dexterity
 h - an amulet of the acrobat (around neck)
 p - a ring of protection from fire
 y - a ring of fire
 A - a ring of magical power (right hand)
 B - a ring of poison resistance (left hand)
 W - a ring of willpower
Wands
 o - a wand of digging (5)
 s - a wand of paralysis (16)
 u - a wand of warping (28)
 H - a wand of polymorph (3)
 U - a wand of quicksilver (5)
 X - a wand of mindburst (12)
 Y - a wand of flame (7)
Scrolls
 q - 5 scrolls of immolation
 t - 2 scrolls of revelation
 v - 6 scrolls of identify
 G - 3 scrolls of blinking
 I - 2 scrolls of butterflies
 M - 2 scrolls of noise
 R - 4 scrolls of teleportation
 T - a scroll of poison
 V - 2 scrolls of amnesia
Potions
 j - 7 potions of attraction
 k - 6 potions of curing
 r - a potion of lignification
 z - a potion of enlightenment
 F - 2 potions of mutation
 K - 2 potions of magic
 Q - 3 potions of ambrosia
 Z - a potion of might
Miscellaneous
 i - a sack of spiders


   Skills:
 - Level 10.0 Fighting
 - Level 10.0 Armour
 - Level 10.0 Dodging
 - Level 10.0 Stealth
 + Level 11.8 Spellcasting
 - Level 5.0 Hexes
 - Level 12.0 Summonings
 - Level 12.0 Necromancy
 + Level 3.8 Translocations
 - Level 5.0 Fire Magic
 - Level 7.0 Air Magic


You had one spell level left.
You knew the following spells:

 Your Spells              Type           Power      Damage    Failure   Level
a - Summon Small Mammal   Summ           100%       N/A       1%          1
b - Call Imp              Summ           100%       N/A       1%          2
c - Call Canine Familiar  Summ           67%        N/A       1%          3
d - Summon Blazeheart Go  Fire/Summ      56%        N/A       4%          4
e - Summon Lightning Spi  Summ/Air       59%        N/A       3%          4
A - Animate Dead          Necr           67%        N/A       1%          4
B - Blink                 Tloc           70%        N/A       4%          2
D - Death Channel         Necr           33%        N/A       17%         6
H - Haunt                 Necr/Summ      33%        N/A       67%         7
N - Anguish               Hex/Necr       28%        N/A       4%          4

Your spell library contained the following spells:

 Spells                   Type           Power      Damage    Failure   Level
 Kiss of Death            Conj/Necr      100%       2d13      1%          1
 Slow                     Hex            100%       N/A       1%          1
 Magic Dart               Conj           60%        1d6       16%         1
 Sting                    Conj/Alch      60%        1d6       16%         1
 Cigotuvi's Dreadful Rot  Necr/Alch/Air  96%        N/A       1%          2
 Sublimation of Blood     Necr           67%        N/A       1%          2
 Vampiric Draining        Necr           67%        2d10      1%          3
 Dispel Undead            Necr           67%        3d23      1%          4
 Martyr's Knell           Necr/Summ      67%        N/A       1%          4
 Mercury Vapours          Alch/Air       66%        N/A       5%          2
 Confusing Touch          Hex            41%        N/A       6%          3
 Sigil of Binding         Hex            41%        N/A       6%          3
 Gell's Gravitas          Tloc           35%        N/A       10%         3
 Teleport Other           Tloc           35%        N/A       10%         3
 Mephitic Cloud           Conj/Alch/Air  27%        N/A       19%         3
 Cause Fear               Hex            20%        N/A       21%         4
 Dimensional Bullseye     Hex/Tloc       19%        N/A       26%         4
 Borgnjor's Vile Clutch   Necr/Erth      23%        N/A       36%         5
 Leda's Liquefaction      Alch/Erth      7%         N/A       83%         4
 Olgreb's Toxic Radiance  Alch           15%        N/A       83%         4
 Petrify                  Alch/Erth      15%        N/A       83%         4
 Fireball                 Conj/Fire      14%        3d8       83%         5
 Metabolic Englaciation   Hex/Ice        14%        N/A       83%         5
 Freezing Cloud           Conj/Ice/Air   13%        6-21      86%         5
 Dispersal                Tloc           17%        N/A       99%         6
 Borgnjor's Revivificati  Necr           33%        N/A       100%        8
 Infestation              Necr           33%        N/A       100%        8
 Death's Door             Necr           33%        N/A       100%        9
 Dragon's Call            Summ           33%        N/A       100%        9


Dungeon Overview and Level Annotations

Branches:
Dungeon (13/15)            Temple (1/1) D:6            Lair (5/5) D:11
  Swamp (0/4) Lair:2        Snake (0/4) Lair:2        Slime (5/5) Lair:4
    Orc (2/2) D:12
    Elf: Orc:2       Vaults: D:13-14

Altars:
Ashenzari
Cheibriados
Dithmenos
Elyvilon
Fedhas
Gozag
Hepliaklqana
Kikubaaqudgha
Makhleb
Nemelex Xobeh
Okawaru
Qazlal
Ru
Sif Muna
Trog
Uskayaw
Vehumet
Wu Jian
Xom
Yredelemnul
Zin
The Shining One
Jiyva

Shops:
D:6 (   D:8 *   Orc:2 ?:

Annotations:
Slime:5 Royal Jelly


Innate Abilities, Weirdness & Mutations

You regain HP and MP as you explore.


Message History

Throw: 4 throwing nets
Press: ? - help, Q - select action, (/) - cycle Shift-Dir - straight line, f/p - nameless horror
Aim: a nameless horror (moderately damaged, durably summoned, 90% to hit)
You throw a throwing net.
The throwing net hits the nameless horror.
The nameless horror is caught in the net!
The nameless horror is moderately damaged.
The nameless horror struggles against the net.
Throw: 3 throwing nets
Press: ? - help, Q - select action, (/) - cycle Shift-Dir - straight line, f - kobold demonologist zombie, p - nameless horror
Aim: a kobold demonologist zombie (70% to hit)
You throw a throwing net.
The throwing net hits the kobold demonologist zombie.
The kobold demonologist zombie is caught in the net!
The kobold demonologist zombie struggles against the net.
The nameless horror struggles against the net.
You catch the helpless nameless horror completely off-guard!
You hit the nameless horror.
The nameless horror is moderately damaged.
The kobold demonologist zombie struggles against the net.
The nameless horror struggles against the net.
Your magical contamination has completely faded away.
You hit the nameless horror but do no damage.
The nameless horror is moderately damaged.
The kobold demonologist zombie struggles against the net.
The nameless horror struggles against the net.
You hit the nameless horror but do no damage.
The nameless horror is moderately damaged.
The nameless horror struggles against the net.
The kobold demonologist zombie struggles against the net.
You hit the nameless horror but do no damage.
The nameless horror is moderately damaged.
The nameless horror struggles against the net.
The net rips apart, and the nameless horror comes free!
The kobold demonologist zombie struggles against the net.
You hit the nameless horror.
The nameless horror is moderately damaged.
The nameless horror hits you!!
You die...
Jiyva sends a jelly to digest your remains.

#####+######
...........#
.....>.....# .
.>.........# ########.
...........### #........
....)..@...'.###........
......Z.X..#...#........
...........###..........
...........# ###........
#+########## #........
###.##### #).# ###'####
#..9....


You could see a nameless horror and a kobold demonologist zombie (caught).

Vanquished Creatures
  An acid blob (Slime:5)
  2 azure jellies
  A quicksilver ooze (Slime:2)
  2 formless jellyfish (Slime:5)
  A dire elephant (Lair:5)
  Harold (D:11)
  A hydra (Lair:5)
  Erica (Lair:1)
  3 two-headed ogres
  11 death yaks (Lair:5)
  Amaemon (Lair:1)
  3 skysharks
  2 spriggan druids (Lair:2)
  An ugly thing (D:10)
  2 manticores (D:9)
  The ghost of Bediveer the Mimic, a novice OpSh (D:5)
  2 cyclopes
  2 black mambas
  2 torpor snails (Lair:5)
  7 cane toads
  11 elephants
  An unseen horror (D:10)
  An orange demon (Lair:1)
  2 komodo dragons
  4 hornets
  2 trolls
  4 polar bears
  A tyrant leech (Lair:5)
  3 blink frogs
  A raiju (Lair:5)
  7 slime creatures
  A vampire (D:11)
  2 wyverns (D:11)
  35 yaks
  2 steam dragons
  2 black bears (D:6)
  6 water moccasins
  3 nameless horrors
  A hornet zombie (Lair:5)
  5 orc warriors
  3 blink frog zombies
  An ogre (D:4)
  5 centaurs
  14 wolves
  A torpor snail zombie (Lair:5)
  A kobold brigand (D:6)
  5 bullfrogs
  2 scorpions (D:4)
  8 killer bees
  A wolf zombie (Lair:5)
  2 howler monkeys
  8 electric eels
  A bombardier beetle (D:3)
  2 orc priests
  3 gnoll boudas
  An iguana (D:5)
  8 orc wizards
  Robin (D:3)
  16 gnolls
  3 adders
  2 white imps
  A dart slug (D:5)
  A ribbon worm (D:2)
  28 orcs
  4 bats
  2 endoplasms (D:2)
  2 hobgoblins
  3 kobolds
  3 quokkas
  A ball python (D:4)
  A frilled lizard (D:2)
  7 goblins
  2 orc zombies (Orc:1)
284 creatures vanquished.

Vanquished Creatures (collateral kills)
  11 acid blobs
  8 rockslimes
  9 azure jellies
  8 quicksilver oozes
  4 formless jellyfish
  3 great orbs of eyes
  A hydra (Lair:5)
  A boulder beetle (D:12)
  3 death yaks (Lair:5)
  An azure jelly zombie (Slime:3)
  A hell hog (Lair:5)
  A lindwurm (Lair:5)
  A shining eye (Slime:1)
  A manticore (D:12)
  3 elephants
  A black mamba (Lair:4)
  An eye of devastation (Slime:2)
  3 torpor snails (Lair:5)
  4 cane toads
  An unseen horror (D:11)
  A kobold demonologist (D:13)
  2 komodo dragons (Lair:5)
  4 polar bears
  4 hornets (Lair:5)
  A troll (Orc:2)
  Grinder (D:3)
  4 blink frogs
  2 tyrant leeches (Lair:5)
  3 glass eyes
  A dream sheep (Lair:5)
  A raiju (Lair:5)
  66 slime creatures
  20 yaks
  2 wyverns
  3 wargs
  11 golden eyes
  Grum (D:8)
  A steam dragon (D:8)
  2 acid dragons
  7 water moccasins
  6 hell hounds (Lair:5)
  4 orc warriors
  12 black bears
  3 centaurs
  18 wolves
  An ogre (Orc:1)
  A phantom (D:6)
  A kobold brigand (D:6)
  2 nameless horrors
  2 bullfrogs
  4 gnoll sergeants
  4 scorpions
  6 killer bees
  2 howler monkeys (D:7)
  11 orc priests
  7 jellies
  2 hounds (D:5)
  Jessica (D:3)
  Ijyb (D:3)
  Terence (D:3)
  Natasha (twice) (D:3)
  An iguana (D:5)
  7 orc wizards
  15 gnolls
  4 adders
  A shadow imp (D:6)
  3 dart slugs
  38 orcs
  An endoplasm (D:1)
  7 goblins
  9 hobgoblins
  4 jackals (D:2)
  2 quokkas
  4 ball pythons
  A bat (D:1)
  3 frilled lizards
  12 kobolds
  2 orc zombies (Orc:1)
  A rat (D:2)
409 creatures vanquished.

Vanquished Creatures (others)
  Jorgrun (Orc:2)
  10 acid blobs
  7 rockslimes
  6 azure jellies
  5 quicksilver oozes
  A rockslime zombie (Slime:5)
  A formless jellyfish (Slime:3)
  6 acid blob zombies
  A fire dragon (Lair:5)
  3 great orbs of eyes
  A centaur warrior (D:13)
  2 azure jelly zombies
  5 quicksilver ooze zombies
  A death yak (Lair:5)
  Sonja (Orc:2)
  A lindwurm (Lair:5)
  An orc sorcerer (Orc:2)
  2 elephants (Lair:5)
  A black mamba (Lair:5)
  A dire elephant zombie (Lair:5)
  2 formless jellyfish zombies (Slime:5)
  2 death yak zombies (Lair:5)
  A great orb of eyes zombie (Slime:5)
  A tyrant leech (Lair:5)
  4 polar bears (Lair:5)
  A troll (Orc:1)
  2 hornets (Lair:5)
  A raiju (Lair:5)
  2 blink frogs (Lair:5)
  25 slime creatures
  20 slime creature zombies
  A tyrant leech zombie (Lair:5)
  5 wargs (Lair:5)
  5 yaks
  A skyshark zombie (Lair:5)
  An acid dragon (D:8)
  2 orc warriors
  5 hell hounds (Lair:5)
  A hornet zombie (Lair:5)
  A blink frog zombie (Lair:5)
  A black bear (Lair:5)
  An ogre (Orc:2)
  3 wolves (Lair:5)
  A centaur (D:9)
  A komodo dragon zombie (Lair:5)
  2 warg zombies
  A water moccasin zombie (Lair:5)
  4 hell hound zombies (Lair:5)
  3 yak zombies (Lair:5)
  4 polar bear zombies (Lair:5)
  2 raiju zombies (Lair:5)
  4 wolf zombies (Lair:5)
  A bullfrog zombie (Lair:4)
  4 black bear zombies (Lair:5)
  4 orcs
  11 orc zombies
  92 blazeheart cores
279 creatures vanquished.

Grand Total: 972 creatures vanquished

Notes
Turn   | Place    | Note
-------+----------+-------------------------------------------
     0 | D:1      | croobank the Human Summoner began the quest for the Orb.
     0 | D:1      | Reached XP level 1. HP: 13/13 MP: 3/3
   193 | D:1      | Reached XP level 2. HP: 16/19 MP: 1/5
   369 | D:1      | Learned a level 2 spell: Call Imp
   397 | D:1      | Found a faded altar of an unknown god.
  1110 | D:1      | Reached XP level 3. HP: 24/24 MP: 3/6
  1114 | D:1      | Learned a level 3 spell: Call Canine Familiar
  1633 | D:2      | Identified the +4 spear of Kaylokol {protect, rF+ rCorr}
  1935 | D:2      | Reached XP level 4. HP: 30/30 MP: 3/7
  2606 | D:3      | Noticed Jessica
  2623 | D:3      | Killed Jessica
  2750 | D:3      | Noticed Grinder
  2773 | D:3      | Killed Grinder
  2774 | D:3      | Reached skill level 1 in Fighting
  2774 | D:3      | Reached XP level 5. HP: 32/38 MP: 1/9
  2774 | D:3      | Reached XP level 6. HP: 38/44 MP: 1/10
  2874 | D:3      | Noticed Ijyb
  2890 | D:3      | Killed Ijyb
  2891 | D:3      | Reached skill level 5 in Summonings
  3007 | D:3      | Noticed Natasha
  3017 | D:3      | Killed Natasha
  3050 | D:3      | Noticed Terence
  3066 | D:3      | Killed Terence
  3092 | D:3      | Noticed Robin
  3140 | D:3      | Killed Robin
  3141 | D:3      | Reached XP level 7. HP: 42/51 MP: 7/12
  3383 | D:3      | Noticed Natasha
  3392 | D:3      | Killed Natasha
  4296 | D:4      | Identified the +1 robe of Anarchy {rElec rPois Int-3 SInv}
  4734 | D:5      | Entered Level 5 of the Dungeon
  4740 | D:5      | Learned a level 4 spell: Summon Blazeheart Golem
  4903 | D:5      | Reached XP level 8. HP: 58/58 MP: 6/14
  5072 | D:5      | Reached skill level 1 in Fire Magic
  6091 | D:5      | Found a runed translucent door.
  6091 | D:5      | Noticed Bediveer's ghost (novice OpSh)
  6758 | D:5      | Killed Bediveer's ghost
  6759 | D:5      | Reached skill level 5 in Stealth
  6914 | D:6      | Reached skill level 5 in Dodging
  6944 | D:6      | Found a staircase to the Ecumenical Temple.
  7050 | D:6      | Reached XP level 9. HP: 61/65 MP: 13/16
  7250 | D:6      | Found a sacrificial altar of Ru.
  7327 | D:6      | Found Yheon's Weapon Shoppe.
  7502 | D:6      | Reached skill level 5 in Spellcasting
  7631 | D:6      | Bought a throwing net for 33 gold pieces
  7797 | Temple   | Entered the Ecumenical Temple
  7841 | D:7      | Identified the +0 ring mail of Uskayaw's Esteem {Int+4
                  | SInv}
  7974 | D:7      | Reached skill level 1 in Armour
  8106 | D:6      | Reached skill level 5 in Fire Magic
  8472 | D:7      | Reached skill level 5 in Fighting
  8617 | D:7      | Found a shimmering altar of Xom.
  8744 | D:7      | Found a burning altar of Makhleb.
  8805 | D:7      | Found a shadowy altar of Dithmenos.
  8831 | D:8      | Found Imevywak's Assorted Antiques.
  9112 | D:8      | Bought a notched silver ring for 170 gold pieces
  9112 | D:8      | Bought a fizzy silvery potion for 30 gold pieces
  9112 | D:8      | Bought a scroll of identify for 68 gold pieces
  9112 | D:8      | Bought a silvery potion for 30 gold pieces
  9199 | D:8      | Reached XP level 10. HP: 70/74 MP: 12/18
  9217 | D:8      | Noticed Grum
 10072 | D:8      | Found an ancient bone altar of Kikubaaqudgha.
 10093 | D:8      | Became a worshipper of Kikubaaqudgha
 10099 | D:8      | Learned a level 4 spell: Summon Lightning Spire
 10411 | D:8      | Killed Grum
 10825 | D:9      | Noticed a manticore
 10843 | D:8      | Reached skill level 1 in Air Magic
 11653 | D:9      | Killed a manticore
 12612 | D:9      | Noticed a manticore
 12621 | D:9      | Killed a manticore
 12745 | D:9      | Reached skill level 5 in Armour
 13109 | D:9      | Reached XP level 11. HP: 71/81 MP: 16/20
 13335 | D:10     | Entered Level 10 of the Dungeon
 13409 | D:10     | Noticed a two-headed ogre
 13425 | D:10     | Killed a two-headed ogre
 14449 | D:10     | Reached * piety under Kikubaaqudgha
 14449 | D:10     | Received a gift from Kikubaaqudgha
 14459 | D:10     | Learned a level 4 spell: Animate Dead
 14762 | D:10     | Noticed a brown ugly thing
 14784 | D:10     | Killed a brown ugly thing
 15142 | D:11     | Noticed Harold
 15142 | D:11     | Found a stormy altar of Qazlal.
 15155 | D:11     | Killed Harold
 15796 | D:11     | Noticed a two-headed ogre
 15803 | D:11     | Killed a two-headed ogre
 15898 | D:11     | Found a staircase to the Lair.
 16009 | D:11     | Reached skill level 5 in Air Magic
 16142 | D:11     | Noticed a cyclops
 16153 | D:11     | Killed a cyclops
 16231 | D:11     | Noticed a two-headed ogre
 16240 | D:11     | Killed a two-headed ogre
 16706 | D:11     | Reached XP level 12. HP: 59/91 MP: 13/22
 16911 | D:12     | Reached ** piety under Kikubaaqudgha
 16937 | D:12     | Noticed a boulder beetle
 16948 | D:12     | Killed a boulder beetle
 17242 | D:12     | Reached skill level 1 in Necromancy
 17552 | D:12     | Found a staircase to the Orcish Mines.
 17644 | D:13     | Noticed a centaur warrior
 17844 | Lair:1   | Entered Level 1 of the Lair of Beasts
 17900 | Lair:1   | Noticed Erica
 17921 | Lair:1   | Killed Erica
 17921 | Lair:1   | Reached *** piety under Kikubaaqudgha
 17921 | Lair:1   | Received a gift from Kikubaaqudgha
 18728 | Lair:1   | Learned a level 4 spell: Anguish
 18742 | Lair:1   | Noticed Amaemon
 18815 | Lair:1   | Killed Amaemon
 18816 | Lair:1   | Reached skill level 1 in Hexes
 19645 | Lair:2   | Identified a scroll of acquirement
 19646 | Lair:2   | Acquired a ring of poison resistance
 19900 | Lair:2   | Found a staircase to the Snake Pit.
 20136 | Lair:2   | Reached XP level 13. HP: 82/98 MP: 24/24
 20190 | Lair:2   | Found a staircase to the Swamp.
 20717 | Lair:3   | Reached **** piety under Kikubaaqudgha
 21772 | Lair:4   | Reached skill level 5 in Necromancy
 21964 | Lair:4   | Found a viscous altar of Jiyva.
 22312 | Lair:4   | Found a staircase to the Slime Pits.
 23265 | Lair:5   | Entered Level 5 of the Lair of Beasts
 23479 | Lair:5   | Reached skill level 5 in Hexes
 23485 | Lair:5   | Reached XP level 14. HP: 71/106 MP: 15/26
 23653 | Lair:5   | Reached ***** piety under Kikubaaqudgha
 23969 | Lair:5   | Reached skill level 10 in Armour
 24572 | Lair:5   | Reached skill level 10 in Stealth
 24946 | Lair:5   | Reached skill level 10 in Summonings
 25354 | Lair:5   | Noticed a dire elephant
 25623 | Lair:5   | Killed a dire elephant
 25624 | Lair:5   | Reached XP level 15. HP: 36/114 MP: 9/27
 26234 | Lair:5   | Reached skill level 10 in Dodging
 26831 | Orc:1    | Entered Level 1 of the Orcish Mines
 27026 | Orc:1    | Learned a level 6 spell: Death Channel
 27027 | Orc:2    | Entered Level 2 of the Orcish Mines
 27027 | Orc:2    | Found Wyolen Wosy's Magic Scroll Shop.
 27031 | Orc:2    | Bought a scroll of immolation for 52 gold pieces
 27031 | Orc:2    | Bought a scroll of immolation for 52 gold pieces
 27031 | Orc:2    | Bought a scroll of immolation for 52 gold pieces
 27031 | Orc:2    | Bought a scroll of butterflies for 52 gold pieces
 27046 | Orc:2    | Noticed Jorgrun
 27051 | Orc:2    | Noticed Sonja
 27061 | Orc:2    | Killed Sonja
 27061 | Orc:2    | Reached ****** piety under Kikubaaqudgha
 27062 | Orc:2    | Reached skill level 10 in Fighting
 27070 | Orc:2    | Killed Jorgrun
 27737 | Orc:2    | Found Modd's Book Shoppe.
 27741 | Orc:2    | Received a gift from Kikubaaqudgha (forbidden knowledge)
 27927 | Slime:1  | Entered Level 1 of the Pits of Slime
 27951 | Slime:1  | Reached skill level 10 in Necromancy
 28302 | Slime:2  | Noticed an acid blob
 28312 | Slime:2  | Killed an acid blob
 28353 | Slime:2  | Noticed an acid blob
 28358 | Slime:2  | Noticed a rockslime
 28361 | Slime:2  | Killed an acid blob
 28363 | Slime:2  | Killed a rockslime
 28455 | Slime:3  | Reached skill level 10 in Spellcasting
 28496 | Slime:3  | Noticed a rockslime
 28503 | Slime:3  | Killed a rockslime
 28507 | Slime:3  | Noticed an acid blob
 28508 | Slime:3  | Noticed an azure jelly
 28512 | Slime:3  | Killed an acid blob
 28514 | Slime:3  | Killed an azure jelly
 28526 | Slime:3  | Noticed a rockslime
 28536 | Slime:3  | Killed a rockslime
 28550 | Slime:3  | Noticed an acid blob
 28555 | Slime:3  | Killed an acid blob
 28560 | Slime:3  | Noticed an acid blob
 28568 | Slime:3  | Killed an acid blob
 28808 | Slime:3  | Learned a level 7 spell: Haunt
 29030 | Slime:2  | Noticed a rockslime
 29036 | Slime:2  | Noticed a rockslime
 29046 | Slime:2  | Killed a rockslime
 29047 | Slime:2  | Reached XP level 16. HP: 109/122 MP: 30/30
 29131 | Slime:1  | Noticed an azure jelly
 29135 | Slime:1  | Noticed an acid blob
 29140 | Slime:1  | Killed an azure jelly
 29145 | Slime:1  | Noticed an acid blob
 29146 | Slime:1  | Noticed an azure jelly
 29152 | Slime:1  | Killed an azure jelly
 29152 | Slime:1  | Killed an acid blob
 29213 | Slime:1  | Noticed an azure jelly
 29221 | Slime:1  | Killed an azure jelly
 29528 | Slime:4  | Noticed an acid blob
 29533 | Slime:4  | Killed an acid blob
 29544 | Slime:4  | Noticed an acid blob
 29548 | Slime:4  | Killed an acid blob
 29574 | Slime:4  | Noticed an azure jelly
 29585 | Slime:4  | Killed an azure jelly
 29681 | Slime:4  | Learned a level 2 spell: Blink
 29767 | Slime:5  | Entered Level 5 of the Pits of Slime
 29775 | Slime:5  | Noticed an acid blob
 29798 | Slime:5  | Noticed an azure jelly
 29809 | Slime:5  | Killed an azure jelly
 29814 | Slime:5  | Reached skill level 1 in Translocations
 29905 | Slime:5  | Noticed a rockslime
 29905 | Slime:5  | Noticed an acid blob
 29912 | Slime:5  | Killed a rockslime
 29915 | Slime:5  | Noticed a rockslime
 29917 | Slime:5  | Killed an acid blob
 29932 | Slime:5  | Killed a rockslime
 29937 | Slime:5  | Noticed an azure jelly
 29945 | Slime:5  | Killed an azure jelly
 30013 | Slime:5  | Noticed an acid blob
 30021 | Slime:5  | Killed an acid blob
 30026 | Slime:5  | Noticed the Royal Jelly
 30077 | Slime:5  | Found the +5 scythe "Finisher" {speed, execute}
 30100 | Slime:5  | Noticed a rockslime
 30102 | Slime:5  | Noticed a rockslime
 30103 | Slime:5  | Noticed a rockslime
 30103 | Slime:5  | Noticed an azure jelly
 30105 | Slime:5  | Noticed an azure jelly
 30196 | Slime:5  | Noticed an acid blob
 30199 | Slime:5  | Noticed a rockslime
 30217 | Slime:5  | Found a viscous altar of Jiyva.
 30337 | Slime:5  | Killed a rockslime
 30470 | Slime:5  | Killed an azure jelly
 31040 | Slime:5  | Killed a rockslime
 31108 | Slime:5  | Fell from the grace of Kikubaaqudgha
 31108 | Slime:5  | Became a worshipper of Jiyva Jaxkoth the Shapeless
 31454 | D:13     | Mangled by a nameless horror

Illustrated notes

Levels and vault maps discovered:
D:1:      erik_arrival_orb_chamber, layout_loops_ring,
          ebering_ecumenical_altar_abandoned, chequers_serial_rivers_small_3,
          hangedman_glass_teeth, minmay_surrounded
D:2:      layout_basic, chequers_serial_rivers_small_b
D:3:      layout_rooms, uniq_robin, uniq_ijyb, uniq_natasha, uniq_grinder,
          uniq_terence, uniq_jessica
D:4:      layout_loops_corners
D:5:      layout_layer_cave, gammafunk_ghost_grave
D:6:      layout_rooms, nicolae_ru_the_path_less_chosen,
          minmay_temple_entry_purple_smoke, nicolae_inconvenience_store
D:7:      layout_rooms, mainiacjoe_overflow_alcove_2,
          chequers_temple_overflow_statue_of_worship, minivault_1
D:8:      layout_loops_ring, kiku_gazebo_garden_becter, serial_shops, shop,
          uniq_grum
D:9:      layout_basic
D:10:     layout_irregular_city, small_chamber_with_monster
D:11:     layout_basic, minmay_lair_entry_grove,
          nicolae_qazlal_general_emergency, uniq_harold
D:12:     layout_big_octagon, hiddenorc2_lemuel
D:13:     layout_roguey, nicolae_concentric_dashed_squares_mild
Temple:   minmay_temple_bridge_d
Lair:1:   layout_cave_pods, uniq_amaemon, uniq_erica
Lair:2:   layout_gridlike, mainiacjoe_swamp_entry_angry_trees, dummy_snake_entry
Lair:3:   layout_misc_corridors, hibernation_bobbens
Lair:4:   layout_gridlike, nicolae_slime_entry_field_trip, serial_forest,
          infiniplex_forest_clump_cross, infiniplex_forest_side_room,
          infiniplex_forest_join, infiniplex_forest_clump_diagonal,
          infiniplex_forest_straight_4, infiniplex_forest_lined_corner,
          grunt_megastairs_1, infiniplex_staircase_pool_2
Lair:5:   wormcave, layout_hall_layers, hangedman_lair_caniforms_friends,
          nicolae_lair_grazing_beasts [nicolae_sub_lair_graze_edge,
          nicolae_sub_lair_graze_edge, nicolae_sub_lair_graze_edge,
          nicolae_sub_lair_graze_edge]
Slime:1:  cheibrodos_slime_lost_civilization_1, layout_caves
Slime:2:  layout_caves
Slime:3:  layout_caves, cheibrodos_slime_lost_civilization_4
Slime:4:  layout_caves
Slime:5:  slime_pit_nicolae_jellycorners
Orc:1:    layout_caves
Orc:2:    kennysheep_orc_mage_school, layout_diamond_mine, serial_shops,
          nicolae_book_shop_shelving, shop, nicolae_shop_back_alley_shop,
          nicolae_shop_hallway_stairs, basic_altar, uniq_jorgrun, uniq_sonja

Skill      XL: |  1  2  3  4  5  6  7  8  9 10 11 12 13 14 15 16 |
---------------+-------------------------------------------------+-----
Stealth        | 3 4 5 6 7 8 9 10 | 10.0
Fighting       | 1 2 3 4 5 6 7 8 9 10 | 10.0
Dodging        | 3 4 5 6 7 8 9 10 | 10.0
Spellcasting   | 3 4 5 6 7 8 10 11 | 11.8
Summonings     | 5 6 7 8 9 10 11 12 | 12.0
Fire Magic     | 3 5 |  5.0
Armour         | 2 5 6 8 9 10 | 10.0
Air Magic      | 3 5 6 7 |  7.0
Necromancy     | 3 5 8 11 12 | 12.0
Hexes          | 2 5 |  5.0
Translocations | 3 |  3.8

Action                     |  1- 3 |  4- 6 |  7- 9 | 10-12 | 13-15 | 16-18 || total
---------------------------+-------+-------+-------+-------+-------+-------++-------
  Melee: Unarmed           |     3 |       |       |       |       |       ||     3
         Short sword       |    28 |     2 |       |       |       |       ||    30
         Spear             |       |    60 |   294 |   426 |   285 |    64 ||  1129
   Fire: Sling             |       |       |    14 |       |       |       ||    14
  Throw: Throwing net      |       |       |       |     1 |     1 |     3 ||     5
   Cast: Summon Small Mamm |    32 |     9 |    34 |    15 |    23 |       ||   113
         Call Imp          |    14 |     7 |    34 |    16 |    21 |     1 ||    93
         Call Canine Famil |     3 |     7 |    30 |    24 |    19 |     2 ||    85
         Summon Blazeheart |       |       |     7 |    62 |    71 |     5 ||   145
         Summon Lightning  |       |       |       |    30 |    33 |    15 ||    78
         Animate Dead      |       |       |       |       |    24 |     4 ||    28
         Anguish           |       |       |       |       |    96 |     6 ||   102
         Death Channel     |       |       |       |       |     7 |    13 ||    20
         Haunt             |       |       |       |       |       |     7 ||     7
 Invoke: Unearth Wretches  |       |       |       |       |     9 |    19 ||    28
         Receive Forbidden |       |       |       |       |     1 |       ||     1
  Evoke: Wand              |       |       |     2 |    14 |     1 |     1 ||    18
    Use: Scroll            |       |       |    12 |    13 |     8 |     1 ||    34
         Potion            |       |       |     1 |    10 |     7 |     1 ||    19
   Stab: Sleeping          |     6 |     3 |     8 |       |       |       ||    17
         Distracted        |     1 |     1 |     3 |    12 |     4 |     3 ||    24
         Paralysed         |       |       |       |     6 |     5 |     9 ||    20
         Invisible         |       |       |       |       |     4 |       ||     4
         Held in net/web   |       |       |       |       |       |     3 ||     3
 Armour: Robe              |    23 |    29 |   102 |       |       |       ||   154
         Ring mail         |       |       |   120 |   429 |   440 |    97 ||  1086
         Skin              |       |       |       |    14 |    39 |       ||    53
  Dodge: Dodged            |    21 |    32 |   250 |   453 |   487 |    81 ||  1324

Table legend: (Time is in decaauts)
 A = Elapsed time spent in this place.
 B = Non-inter-level travel time spent in this place.
 C = Inter-level travel time spent in this place.
 D = Time resting spent in this place.
 E = Time spent auto-exploring this place.
 F = Levels seen in this place.
 G = Mean time per level.
                   A        B        C        D        E       F      G
               +--------+--------+--------+--------+--------+-----+--------+
         Total |  31664 |  30055 |   1609 |   8346 |  13307 |  26 | 1217.8 |
       Dungeon |  18204 |  17374 |    830 |   5245 |   8556 |  13 | 1400.3 |
        Temple |      1 |      0 |      1 |      0 |      0 |   1 |    1.0 |
          Lair |   9237 |   8620 |    617 |   1968 |   4345 |   5 | 1847.4 |
    Slime Pits |   3285 |   3154 |    131 |    836 |     10 |   5 |  657.0 |
  Orcish Mines |    935 |    907 |     28 |    296 |    396 |   2 |  467.5 |
               +--------+--------+--------+--------+--------+-----+--------+

Top non-repeatable levels by time:
  Lair:5: 3147 daAuts
  Lair:4: 2172 daAuts
    D:10: 2069 daAuts
     D:5: 1969 daAuts
     D:9: 1833 daAuts
     D:8: 1793 daAuts
  Lair:1: 1743 daAuts
    D:11: 1634 daAuts
     D:7: 1561 daAuts
     D:4: 1436 daAuts
     D:1: 1413 daAuts
     D:6: 1333 daAuts
 Slime:5: 1302 daAuts
  Lair:2: 1213 daAuts
     D:2: 1186 daAuts
